 Dungeon Crawl Stone Soup version 0.31-a0-369-g8eba5f6939 (webtiles) character file.

Game seed: 1889915838679451065

97 promet the Sneak (level 4, -1/30 HPs)
             Began as an Octopode Brigand on July 28, 2023.
             Slain by an orc
             ... wielding a +0 dagger
              (3 damage)
             ... on level 3 of the Dungeon.
             The game lasted 00:11:22 (2279 turns).

promet the Sneak (Octopode Brigand)                 Turns: 2279, Time: 00:11:22

Health: -1/30      AC:  1    Str: 10    XL:     4   Next: 68%
Magic:  4/4        EV: 13    Int: 13    God:
Gold:   166        SH:  0    Dex: 15    Spells: 1/3 levels left

rFire   . . .        a - +2 dagger
rCold   . . .        (no shield)
rNeg    . . .        (helmet restricted)
rPois   .            (no amulet)
rElec   .            (no ring)
rCorr   .            (no ring)
SInv    .            (no ring)
Will    .....        (no ring)
Stlth   ++++         (no ring)
HPRegen 0.25/turn    (no ring)
MPRegen 0.09/turn    (no ring)
                     (no ring)

%: no passive effects
@: invisible
A: almost no armour, amphibious, 8 rings, camouflage 1, gelatinous body 1,
(nimble swimmer 1), tentacles
a: no special abilities


You were on level 3 of the Dungeon.
You visited 1 branch of the dungeon, and saw 3 of its levels.

You collected 166 gold pieces.

Inventory:

Hand Weapons
 a - a +2 dagger (weapon)
 b - a +0 sling of freezing
 m - a +0 long sword
Missiles
 c - 3 curare-tipped darts
 g - 4 atropa-tipped darts
 i - 4 javelins
 l - 7 stones (quivered)
 q - 20 poisoned darts
Wands
 k - a wand of acid (14)
Scrolls
 n - a scroll of enchant armour
 o - a scroll of poison
 p - a scroll of revelation
Potions
 d - 2 potions of haste
 e - a potion of invisibility
 f - a potion of heal wounds {unknown}
 h - a potion of lignification {unknown}
 j - 2 potions of curing {unknown}
 r - a potion of mutation {unknown}
 s - a potion of might {unknown}


   Skills:
 * Level 2.7 Fighting
 + Level 2.5 Short Blades
 + Level 0.2 Ranged Weapons
 + Level 2.3 Throwing
 + Level 1.2 Dodging
 + Level 6.8 Stealth


You had one spell level left.
You knew the following spells:

 Your Spells              Type           Power      Damage    Failure   Level
a - Scorch                Fire           0%         2d5       43%         2

Your spell library contained the following spells:

 Spells                   Type           Power      Damage    Failure   Level
 Flame Wave               Conj/Fire      0%         2d4       97%         4
 Summon Cactus Giant      Summ           0%         N/A       100%        6


Dungeon Overview and Level Annotations

Branches:
Dungeon (3/15)

Altars:


Innate Abilities, Weirdness & Mutations

You cannot wear most types of armour.
You are amphibious.
You can wear up to eight rings at the same time.
Your skin changes colour to match your surroundings (Stealth+).
Your rubbery body absorbs attacks. (AC +1, EV +1)
((You are camouflaged when in or above water. (Stealth+)))
You have tentacles for arms and can constrict up to eight enemies at once.


Message History

The sling bullet closely misses the orc wizard.
The orc hits you with a +0 dagger. The orc wizard casts a spell at you.
The magic dart hits you.
Your +0 sling of freezing stops glowing.
a - a +2 dagger (weapon)
The orc wizard hits you with a +0 dagger.
The orc hits you with a +0 dagger.
You barely miss the orc wizard. Your grab misses the orc wizard.
The orc wizard is lightly wounded.
You hit the orc wizard but do no damage.
Your grab misses the orc wizard.
The orc wizard is lightly wounded.
The orc closely misses you.
The orc wizard gestures at you while chanting.
You are confused.
You're too confused to move!
The orc closely misses you.
The orc wizard hits you with a +0 dagger.
The orc attacks as you move away! The orc hits you with a +0 dagger.
The orc wizard misses you.
Things that are here:
a +0 dagger; an orc skeleton The orc wizard attacks as you move away!
The orc wizard hits you with a +0 dagger.
* * * LOW HITPOINT WARNING * * *
You bump into the rock wall.
The orc hits you but does no damage.
You bump into the rock wall.
The orc barely misses you.
You bump into the rock wall.
The orc hits you with a +0 dagger.
* * * LOW HITPOINT WARNING * * *
You bump into the rock wall.
You feel less confused. The orc hits you with a +0 dagger.
* * * LOW HITPOINT WARNING * * *
The orc wizard casts a spell.
The orc wizard flickers and vanishes!
Deactivating autopickup; reactivate with Ctrl-A.
Okay, then.
You fade into invisibility!
The orc hits you with a +0 dagger.
You die...

#..............##
#...............##
#................
##......>.......#
#..........##.#...
#...†.........#
#...........{##
#.........)#o#
#..........#@#
##....)...##.#
###.......##.# .
##......##.##.# ..
##........#.##.#####...
#...........##........#
#..........<##....#####
#............#.........
#..........#.#..#..#...


You could see an orc (unable to see you).

Vanquished Creatures
  A hound skeleton (D:3)
  2 adders (D:2)
  2 worms (D:2)
  A dart slug (D:1)
  2 orcs (D:3)
  3 endoplasms
  4 giant cockroaches
  3 hobgoblins
  6 kobolds
  A quokka (D:2)
  6 ball pythons
  A ball python skeleton (D:3)
  7 bats
  A frilled lizard (D:3)
  10 goblins
  A jackal zombie (D:3)
  5 rats
56 creatures vanquished.

Notes
Turn   | Place    | Note
-------+----------+-------------------------------------------
     0 | D:1      | promet the Octopode Brigand began the quest for the Orb.
     0 | D:1      | Reached XP level 1. HP: 14/14 MP: 1/1
    19 | D:1      | Found a faded altar of an unknown god.
   219 | D:1      | Reached XP level 2. HP: 18/19 MP: 2/2
  1157 | D:2      | Reached XP level 3. HP: 22/25 MP: 3/3
  1198 | D:2      | Learned a level 2 spell: Scorch
  1222 | D:2      | Reached skill level 6 in Stealth
  1597 | D:2      | Reached XP level 4. HP: 30/30 MP: 4/4
  2279 | D:3      | Slain by an orc

Illustrated notes

Levels and vault maps discovered:
D:1:      dpeg_arrival_shrine, layout_loops_corners,
          chequers_ecumenical_altar_twisty, reono_crystal_passage
D:2:      layout_rooms
D:3:      layout_rooms, nicolae_vehumet_radiance, serial_undead,
          serial_undead_e, serial_undead_a, serial_undead_a, serial_undead_f,
          serial_undead_c, serial_undead_a, serial_undead_a, uniq_jessica

Skill      XL: |  1  2  3 |
---------------+----------+-----
Stealth        | 6 |  6.8
Fighting       | |  2.7
Short Blades   | |  2.5
Ranged Weapons | |  0.2
Throwing       | |  2.3
Dodging        | |  1.2

Action                     |  1- 3 |  4- 6 || total
---------------------------+-------+-------++-------
  Melee: Dagger            |    69 |    39 ||   108
         Constrict         |    12 |    13 ||    25
         Tentacles         |     5 |    13 ||    18
   Fire: Sling             |       |    18 ||    18
  Throw: Stone             |       |     3 ||     3
    Use: Scroll            |     7 |     4 ||    11
         Potion            |       |     1 ||     1
   Stab: Sleeping          |    11 |       ||    11
 Armour: Skin              |    10 |     7 ||    17
  Dodge: Dodged            |    24 |    31 ||    55

Table legend: (Time is in decaauts)
 A = Elapsed time spent in this place.
 B = Non-inter-level travel time spent in this place.
 C = Inter-level travel time spent in this place.
 D = Time resting spent in this place.
 E = Time spent auto-exploring this place.
 F = Levels seen in this place.
 G = Mean time per level.
                   A        B        C        D        E       F      G
               +--------+--------+--------+--------+--------+-----+--------+
         Total |   2270 |   2159 |    111 |    299 |    841 |   3 |  756.7 |
       Dungeon |   2270 |   2159 |    111 |    299 |    841 |   3 |  756.7 |
               +--------+--------+--------+--------+--------+-----+--------+

Top non-repeatable levels by time:
     D:1: 1036 daAuts
     D:2: 922 daAuts
     D:3: 311 daAuts
